 Dungeon Crawl Stone Soup version 0.32-a0-433-g08bcfe7efd (webtiles) character file.

Game seed: 1219328650003978348

39 backslashecho the Caller (level 3, 0/20 HPs)
             Began as a Gargoyle Summoner on Feb 23, 2024.
             Slain by a sleepcap (5 damage)
             ... on level 3 of the Dungeon.
             The game lasted 00:04:04 (1894 turns).

backslashecho the Caller (Gargoyle Summoner)        Turns: 1894, Time: 00:04:04

Health: 0/20       AC:  5    Str: 13    XL:     3   Next: 47%
Magic:  4/6        EV: 12    Int: 15    God:
Gold:   74         SH:  0    Dex: 10    Spells: 5/6 levels left

rFire   . . .        k - +0 mace
rCold   . . .        (no shield)
rNeg    + . .        a - +0 robe
rPois   ∞            (no helmet)
rElec   +            (no cloak)
rCorr   .            (no gloves)
SInv    .            (no boots)
Will    .....        (no amulet)
Stlth   ++           (no ring)
HPRegen 0.23/turn    (no ring)
MPRegen 0.10/turn

%: no passive effects
@: no status effects
A: sickness immunity, AC +3, negative energy resistance 1, electricity
resistance, torment resistance 1, petrification resistance
a: no special abilities


You were on level 3 of the Dungeon.
You visited 1 branch of the dungeon, and saw 3 of its levels.

You collected 74 gold pieces.

Inventory:

Hand Weapons
 k - a +0 mace (weapon)
Missiles
 j - 9 poisoned darts
Armour
 a - a +0 robe (worn)
Scrolls
 c - a scroll of enchant armour {unknown}
 f - a scroll of noise {unknown}
 g - a scroll of vulnerability {unknown}
Potions
 b - a potion of magic
 d - a potion of invisibility {unknown}
 h - a potion of enlightenment {unknown}
 i - a potion of haste {unknown}


   Skills:
 + Level 1.5 Fighting
 + Level 0.8 Axes
 * Level 1.0 Throwing
 - Level 2.0 Dodging
 - Level 2.1 Stealth
 - Level 1.0 Unarmed Combat
 - Level 2.0 Spellcasting
 - Level 3.6 Summonings


You had 5 spell levels left.
You knew the following spells:

 Your Spells              Type           Power      Damage    Failure   Level
a - Summon Small Mammal   Summ           48%        N/A       4%          1

Your spell library contained the following spells:

 Spells                   Type           Power      Damage    Failure   Level
 Call Imp                 Summ           24%        N/A       8%          2
 Call Canine Familiar     Summ           12%        N/A       16%         3
 Blink                    Tloc           2%         N/A       32%         2
 Lesser Beckoning         Tloc           2%         N/A       32%         2
 Momentum Strike          Conj/Tloc      2%         3d8       32%         2
 Summon Blazeheart Golem  Fire/Summ      6%         N/A       71%         4
 Summon Lightning Spire   Summ/Air       6%         N/A       71%         4


Dungeon Overview and Level Annotations

Branches:
Dungeon (3/15)

Altars:


Innate Abilities, Weirdness & Mutations

You are immune to sickness and miasma.
Your stone body is resilient. (AC +3)
You are immune to poison.
You resist negative energy. (rN+)
You are resistant to electric shocks. (rElec)
You are resistant to unholy torment.
You are immune to petrification.


Message History

A sleepcap is nearby!
A sleepcap is nearby!
A sleepcap comes into view.
Casting: Summon Small Mammal (safe; 4% risk of failure)
Confirm with . or Enter, or press ? or * to list all spells.
You now have 5/6 mp.
Your bat hits the sleepcap but does no damage.
Your bat hits the sleepcap.
Your bat hits the sleepcap but does no damage. x2
Casting: Summon Small Mammal (safe; 4% risk of failure)
Confirm with . or Enter, or press ? or * to list all spells.
Your bat hits the sleepcap but does no damage. x2
The sleepcap releases spores at you.
Your bat hits the sleepcap but does no damage.
You take 4 damage, and have 16/20 hp.
You now have 4/6 mp.
You hit the sleepcap but do no damage.
The sleepcap is lightly damaged.
Your bat hits the sleepcap. x2
Your bat completely misses the sleepcap.
The sleepcap releases spores at you.
The sleepcap releases spores at your bat.
You take 5 damage, and have 11/20 hp.
MASSIVE DAMAGE!!
You hit the sleepcap.
The sleepcap is moderately damaged.
Your bat hits the sleepcap but does no damage. x3
The sleepcap releases spores at you but does no damage.
Your bat hits the sleepcap but does no damage.
Your rat bites the sleepcap.
The sleepcap releases spores at your bat.
Your bat dies!
Your bat's corpse disappears in a puff of smoke!
The sleepcap releases spores at you.
You take 1 damage, and have 10/20 hp.
You hit the sleepcap but do no damage.
The sleepcap is moderately damaged.
Your rat bites the sleepcap but does no damage.
The sleepcap releases spores at your rat.
Your rat dies!
Your rat's corpse disappears in a puff of smoke!
You hit the sleepcap but do no damage.
The sleepcap is moderately damaged.
The sleepcap barely misses you. The sleepcap releases spores at you!
* * * LOW HITPOINT WARNING * * *
You take 6 damage, and have 5/20 hp.
MASSIVE DAMAGE!!
The sleepcap barely misses you.
Casting: Summon Small Mammal (safe; 4% risk of failure)
Confirm with . or Enter, or press ? or * to list all spells.
The sleepcap releases spores at you.
You die...

......................
........####.###.#####
#.......## #.# #......
+........# #<# #######
#........# ###
#........# #......b.#
###......# #..@...#
#.ff...#
♣♣..♣####......#
...............#
.......#########
....... ♣♣..♣## ♣♣


You could see 2 sleepcaps and a friendly bat (summoned).

Vanquished Creatures
  3 bats
  2 endoplasms
  4 hobgoblins
  A quokka (D:1)
  3 ball pythons
  A frilled lizard (D:2)
  A goblin (D:1)
  2 kobolds
  2 rats (D:1)
19 creatures vanquished.

Vanquished Creatures (collateral kills)
  A dart slug (D:2)
  A ribbon worm (D:2)
  2 endoplasms (D:1)
  2 hobgoblins
  A kobold (D:1)
  2 ball pythons (D:1)
  2 bats (D:1)
  4 frilled lizards
15 creatures vanquished.

Grand Total: 34 creatures vanquished

Notes
Turn   | Place    | Note
-------+----------+-------------------------------------------
     0 | D:1      | backslashecho the Gargoyle Summoner began the quest for the
                  | Orb.
     0 | D:1      | Reached XP level 1. HP: 10/10 MP: 3/3
   200 | D:1      | Reached skill level 1 in Unarmed Combat
   245 | D:1      | Reached XP level 2. HP: 14/16 MP: 3/5
   443 | D:1      | Reached skill level 1 in Fighting
  1188 | D:2      | Reached XP level 3. HP: 6/20 MP: 2/6
  1806 | D:3      | Reached skill level 1 in Throwing
  1894 | D:3      | Slain by a sleepcap

Illustrated notes

Levels and vault maps discovered:
D:1:      matt_arrival_diagonals, layout_loops_ring, serial_park_tiny_1
D:2:      layout_basic
D:3:      layout_basic, minmay_parallelograms, hellmonk_no_cap

Skill      XL: |  1  2  3 |
---------------+----------+-----
Unarmed Combat | 1 |  1.0
Fighting       | 1 |  1.5
Dodging        | 2 |  2.0
Throwing       | 1 |  1.0
Axes           | |  0.8
Stealth        | |  2.1
Spellcasting   | |  2.0
Summonings     | |  3.6

Action                     || total
---------------------------++-------
  Melee: Unarmed           ||    30
         Whip              ||    25
         Punch             ||     1
         Mace              ||    36
   Cast: Summon Small Mamm ||    39
   Stab: Sleeping          ||     6
 Armour: Robe              ||    83
  Dodge: Dodged            ||    71

Table legend: (Time is in decaauts)
 A = Elapsed time spent in this place.
 B = Non-inter-level travel time spent in this place.
 C = Inter-level travel time spent in this place.
 D = Time resting spent in this place.
 E = Time spent auto-exploring this place.
 F = Levels seen in this place.
 G = Mean time per level.
                   A        B        C        D        E       F      G
               +--------+--------+--------+--------+--------+-----+--------+
         Total |   1909 |   1638 |    271 |      7 |   1247 |   3 |  636.3 |
       Dungeon |   1909 |   1638 |    271 |      7 |   1247 |   3 |  636.3 |
               +--------+--------+--------+--------+--------+-----+--------+

Top non-repeatable levels by time:
     D:1: 974 daAuts
     D:2: 826 daAuts
     D:3: 108 daAuts
